 Dungeon Crawl Stone Soup version 0.26-a0-34-g9e0bf03589 (webtiles) character file.

Game seed: 12862477749659391869, levelgen mode: deterministic

949 Harbin the Grappler (level 7, 0/78 HPs)
             Began as a Purple Draconian Transmuter on May 29, 2020.
             Succumbed to a scorpion's poison
             ... in an ossuary.
             The game lasted 00:31:45 (5391 turns).

Harbin the Grappler (Purple Draconian Transmuter)   Turns: 5391, Time: 00:31:46

Health: 0/78       AC: 23    Str: 14    XL:     7   Next: 89%
Magic:  10/10      EV:  2    Int: 13    God:
Gold:   174        SH:  0    Dex: 12    Spells: 9/10 levels left

rFire    . . .     SeeInvis .     - Unarmed
rCold    . . .     Gourm    .   (no shield)
rNeg     + + +     Faith    .   (armour unavailable)
rPois    +         Spirit   .   (helmet currently unavailable)
rElec    .         Reflect  .   (cloak currently unavailable)
rCorr    .         Harm     .   (gloves currently unavailable)
MR       ++...     NoTele   +   (boots currently unavailable)
Stlth    +.........             (no amulet)
HPRegen  0.23/turn              i - ring of protection from magic
MPRegen  0.12/turn              (no ring)

@: mighty, lethally poisoned (0 -> -4), tree-form, stab, very slightly
contaminated
A: (breathe power), unfitting armour, wild magic 1, AC +6
a: no special abilities


You were in an ossuary.
You were not hungry.
You were a tree.
You visited 1 branch of the dungeon, and saw 4 of its levels.
You also visited: Ossuary.

You collected 174 gold pieces.

Inventory:

Missiles
 a - 106 arrows
 d - a throwing net (quivered)
Armour
 e - a +0 cloak
 m - a +0 cloak
 p - a +2 cloak (melded)
Jewellery
 i - a ring of protection from magic (left branch)
Wands
 n - a wand of digging (4)
 t - a wand of random effects (12)
Scrolls
 b - 3 scrolls of enchant armour
 f - a scroll of silence {unknown}
 h - 3 scrolls of remove curse
 k - 2 scrolls of identify {unknown}
Potions
 r - 2 potions of mutation
 s - a potion of heal wounds {unknown}
Comestibles
 c - 2 rations


   Skills:
 - Level 1.1 Fighting
 - Level 1.7 Dodging
 + Level 9.6 Unarmed Combat
 - Level 2.4 Spellcasting
 - Level 2.0 Transmutations


You had 9 spell levels left.
You knew the following spells:

 Your Spells              Type           Power        Failure   Level  Hunger
a - Beastly Appendage     Tmut           #.....       16%         1    #......

Your spell library contained the following spells:

 Spells                   Type           Power        Failure   Level  Hunger
 Sticks to Snakes         Tmut           #.......     22%         2    ###....
 Spider Form              Tmut/Pois      #.........   52%         3    ###....
 Ice Form                 Ice/Tmut       #.......     89%         4    #####..
 Blade Hands              Tmut           #.........   98%         5    ######.


Dungeon Overview and Level Annotations

Branches:
Dungeon (4/15)            Ossuary (1/1)
 Temple: D:4-7

Altars:
Ashenzari


Innate Abilities, Weirdness & Mutations

((You can breathe bolts of dispelling energy.))
((Your rich purple scales are hard. (AC +6)))
You cannot fit into any form of body armour.
((You are cold-blooded and may be slowed by cold attacks.))
((Your tail ends in a poisonous barb.))
Your spells are a little harder to cast, but a little more powerful.


Message History

* * * LOW HITPOINT WARNING * * *
You feel sick.
You hit the scorpion but do no damage.
Your tail-slap misses the scorpion.
The scorpion is severely wounded.
* * * LOW HITPOINT WARNING * * *
You feel sick. The scorpion barely misses you.
Casting: Beastly Appendage (safe; 16% risk of failure)
Confirm with . or Enter, or press ? or * to list all spells.
Okay, then.
It was a potion of magic.
Magic courses through your body.
* * * LOW HITPOINT WARNING * * *
You feel sick. The scorpion closely misses you.
It was a potion of lignification.
You turn into a tree.
Your +2 cloak melds into your body.
Your roots penetrate the ground.
* * * LOW HITPOINT WARNING * * *
You feel sick.
The scorpion stings you but does no damage.
It was a potion of might.
You feel very mighty all of a sudden.
You die...

+...8... #.s.Z.Zs
##+###8..M8###########+#
#=?!#.......#...#...#!!.
#..?# Z8...#...8...#?.?
#!!M# #...#.......#M!.
##########'###8...8#####
#^^^#...#Z^^#.......#^^^
#^^^'..♣sM^^#...8...'^^^
#^^^#...#Z^^#...#...#^^^
##'###########'#######'#
#.....#.....#^^^#...#...
#.....#.....'^^^#...8...
#.....8.....#^^^#.......
#...........######8...8#
#...........#...#.......
###8.....8###...#...8...


You could see a mummy, a scorpion, a gnoll zombie and an orc zombie.

Vanquished Creatures
  Grinder (D:3)
  4 scorpions (Ossuary)
  3 centaur zombies (Ossuary)
  Crazy Yiuf (D:3)
  2 orc wizards (D:3)
  2 orc priests (D:2)
  Natasha (thrice) (D:3)
  Terence (D:2)
  2 big kobold zombies (Ossuary)
  A mummy (Ossuary)
  Robin (D:3)
  7 adders
  5 worms
  A leopard gecko (D:2)
  13 orcs
  4 giant cockroaches
  16 goblins
  8 hobgoblins
  5 jackals
  3 kobolds
  A quokka (D:3)
  2 ball pythons
  2 frilled lizards (D:2)
  2 goblin zombies (Ossuary)
  2 hobgoblin zombies (Ossuary)
  2 kobold zombies (Ossuary)
  A leopard gecko skeleton (D:2)
  6 rats
101 creatures vanquished.

Notes
Turn   | Place    | Note
-------+----------+-------------------------------------------
     0 | D:1      | Harbin the Draconian Transmuter began the quest for the
                  | Orb.
     0 | D:1      | Reached XP level 1. HP: 16/16 MP: 3/3
   585 | D:1      | Reached XP level 2. HP: 21/23 MP: 3/5
  1009 | D:2      | HP: 1/23 [worm (11)]
  1331 | D:2      | Reached skill level 4 in Unarmed Combat
  1383 | D:2      | Reached XP level 3. HP: 20/28 MP: 4/6
  2243 | D:2      | Reached XP level 4. HP: 35/35 MP: 7/7
  2248 | D:2      | Reached skill level 5 in Unarmed Combat
  2433 | D:2      | Noticed Terence
  2447 | D:2      | Killed Terence
  2533 | D:2      | Reached XP level 5. HP: 22/40 MP: 8/8
  2537 | D:2      | Reached skill level 6 in Unarmed Combat
  3279 | D:3      | Noticed Robin
  3591 | D:3      | Killed Robin
  3832 | D:3      | Found a shattered altar of Ashenzari.
  4002 | D:3      | Reached XP level 6. HP: 47/47 MP: 7/9
  4049 | D:3      | Reached skill level 7 in Unarmed Combat
  4362 | D:3      | Noticed Natasha
  4376 | D:3      | Killed Natasha
  4526 | D:3      | Noticed Natasha
  4534 | D:3      | Killed Natasha
  4598 | D:3      | Noticed Natasha
  4605 | D:3      | Killed Natasha
  4636 | D:3      | Noticed Grinder
  4650 | D:3      | Killed Grinder
  4650 | D:3      | Reached skill level 8 in Unarmed Combat
  4650 | D:3      | Your scales start taking on a rich purple colour.
  4650 | D:3      | Reached XP level 7. HP: 22/52 MP: 10/10
  4991 | D:3      | Found a runed translucent door.
  4992 | D:3      | Noticed Crazy Yiuf
  4999 | D:3      | Killed Crazy Yiuf
  5100 | D:4      | Found a sand-covered staircase.
  5104 | Ossuary  | Entered an ossuary
  5193 | Ossuary  | Reached skill level 9 in Unarmed Combat
  5383 | Ossuary  | Gained mutation: Your spells are a little harder to cast,
                  | but a little more powerful. [potion of mutation]
  5383 | Ossuary  | Gained mutation: Your tail ends in a poisonous barb.
                  | [potion of mutation]
  5388 | Ossuary  | HP: 2/52 [poisoned by a scorpion]
  5391 | Ossuary  | Succumbed to a scorpion's poison

Illustrated notes

Levels and vault maps discovered:
D:1:      dpeg_arrival_lava_altar, layout_loops_cross
D:2:      cheibrodos_pilgrimage, layout_basic, uniq_terence
D:3:      layout_basic, ashenzari_altar_1, first_ration,
          kennysheep_generic_room_9, uniq_crazy_yiuf_cottage, uniq_robin,
          uniq_grinder, uniq_natasha
D:4:      layout_cave_pools, portal_sewer_entry_b, enter_ossuary_5
Ossuary:  ossuary_minmay_scorpions

Skill      XL: |  1  2  3  4  5  6  7 |
---------------+----------------------+-----
Unarmed Combat | 4 5 6 8 9 |  9.6
Fighting       | |  1.1
Dodging        | |  1.7
Spellcasting   | |  2.4
Transmutations | |  2.0

Action                   |  1- 3 |  4- 6 |  7- 9 || total
-------------------------+-------+-------+-------++-------
Melee: Unarmed           |   118 |   189 |    82 ||   389
       Headbutt          |     6 |    16 |     9 ||    31
       Tailslap          |     9 |    11 |    10 ||    30
       Punch             |     2 |     5 |     6 ||    13
       Kick              |    11 |    16 |     5 ||    32
 Cast: Beastly Appendage |    16 |    24 |    10 ||    50
  Use: Scroll            |     1 |       |     5 ||     6
       Potion            |       |       |     5 ||     5
  Eat: Chunk             |     5 |     8 |       ||    13
       Ration            |       |       |     1 ||     1
Armor: Skin              |    28 |    50 |    23 ||   101
Dodge: Dodged            |    44 |   126 |    28 ||   198

Table legend:
 A = Non-vault XP
 B = Vault XP
 C = Vault XP percentage of total XP
 D = Non-vault monster count
 E = Vault monster count
 F = Vault count percentage of total count
                 A         B        C        D         E       F
            +---------+---------+-------+---------+---------+-------
      Total |     361 |     995 |  73.4 |      62 |      38 |  38.0
            +---------+---------+-------+---------+---------+-------
        D:1 |      20 |       0 |   0.0 |      11 |       0 |   0.0
        D:2 |     132 |     151 |  53.4 |      29 |      18 |  38.3
        D:3 |     204 |     364 |  64.1 |      21 |       5 |  19.2
        D:4 |       5 |       0 |   0.0 |       1 |       0 |   0.0
    Ossuary |       0 |     480 | 100.0 |       0 |      15 | 100.0
            +---------+---------+-------+---------+---------+-------
